 Dungeon Sprint DCSS version 0.26-a0-708-g17f3b190f9 (webtiles) character file.

Game seed: 12930992765644476951

330601 mhtbhm the Gargoyle Barricade (level 20, -9/157 HPs)
             Began as a Gargoyle Fighter on Oct 27, 2020.
             Was the Champion of Okawaru.
             Splashed by an ancient lich's acid (14 damage)
             ... in the Dungeon (Sprint IX: "|||||||||||||||||||||||||||||").
             The game lasted 00:23:24 (8004 turns).

mhtbhm the Gargoyle Barricade (Gargoyle Fighter)    Turns: 8004, Time: 00:23:24

Health: -9/157     AC: 52    Str: 36    XL:     20   Next: 29%
Magic:  21/21      EV: 16    Int: 13    God:    Okawaru [******]
Gold:   1333       SH: 30    Dex:  9    Spells: 19/19 levels left

rFire    + . .     SeeInvis +   a - +5 demon whip (elec)
rCold    + . .     Faith    .   c - +1 tower shield of Courage {rF+ rC+ MR+}
rNeg     + . .     Spirit   .   b - +6 plate armour
rPois    ∞         Reflect  .   y - +2 hat
rElec    +         Harm     .   v - scarf {repulsion}
rCorr    .         Rampage  .   z - +2 pair of gloves of the Guardian {-Cast Str+8 Int+5 Stlth+}
MR       ++...     Rnd*Rage +   x - +0 pair of boots Stlth +++.......NoTele +
                                G - amulet of regeneration
HPRegen  0.76/turn NoCast   +   I - +4 ring of protection
MPRegen  0.17/turn              B - ring of see invisible

@: repel missiles
A: big wings, talons 1, molten scales 1, berserk 2, deformed body, negative
energy resistance 1, electricity resistance, weak 1, unbreathing, petrification
resistance, rot immunity, MP-powered wands, AC +15
}: 5/17 runes: decaying, serpentine, barnacled, silver, gossamer
a: Fly, Heroism, Finesse, Renounce Religion


You were in the Dungeon.
You worshipped Okawaru.
Okawaru was exalted by your worship.
You visited 1 branch You collected 1993 gold pieces.
You spent 660 gold pieces at shops.

Inventory:

Hand Weapons
 a - a +5 demon whip of electrocution (weapon)
 P - the +5 double sword "Nutauss" {holy, +Rage rPois Dex+8 Stlth-}
   (You found it in the Dungeon)

   It has been blessed by the Shining One to cause great damage to the undead
   and demons.
   It affects your dexterity (+8).
   It protects you from poison.
   It lets you go berserk.
   It makes you less stealthy.
Missiles
 i - 2 throwing nets
 w - 24 javelins
 F - 68 silver javelins (quivered)
Armour
 b - a +6 plate armour (worn)
 c - the +1 tower shield of Courage (worn) {rF+ rC+ MR+}
   (Okawaru gifted it to you in the Dungeon)

   It protects you from fire.
   It protects you from cold.
   It affects your resistance to hostile enchantments.
 o - a +0 cloak of magic resistance
 v - a scarf of repulsion (worn)
 x - a +0 pair of boots (worn)
 y - a +2 hat (worn)
 z - the +2 pair of gloves of the Guardian (worn) {-Cast Str+8 Int+5 Stlth+}
   (Okawaru gifted it to you in the Dungeon)

   It affects your strength (+8).
   It affects your intelligence (+5).
   It prevents spellcasting.
   It makes you more stealthy.
 D - a +2 cloak of preservation
Jewellery
 p - an uncursed ring of protection from magic
 B - a ring of see invisible (right hand)
 G - an amulet of regeneration (around neck)
 I - a +4 ring of protection (left hand)
 K - the ring "Ygium" {+Fly rElec rN+ Int+3}
   (You found it in the Dungeon)

   [ring of flight]

   It affects your intelligence (+3).
   It insulates you from electricity.
   It protects you from negative energy.
   It lets you fly.
 L - the ring of Fiusch {Ice Str+3 Int+4 Stlth+}
   (You found it in the Dungeon)

   [ring of ice]

   It enhances your ice magic.
   It affects your strength (+3).
   It affects your intelligence (+4).
   It makes you vulnerable to fire.
   It protects you from cold.
   It makes you more stealthy.
 M - the ring of Soiwn {rF+ Int+3 Dex+2}
   (You found it in the Dungeon)

   [ring of intelligence]

   It affects your intelligence (+3).
   It affects your dexterity (+2).
   It protects you from fire.
 N - the ring "Qaddoc" {rC+ AC+3 Dex-5 Stlth+}
   (You found it in the Dungeon)

   [ring of protection]

   It affects your AC (+3).
   It affects your dexterity (-5).
   It protects you from cold.
   It makes you more stealthy.
 O - the amulet "Zyxaawus" {RegenMP MR+}
   (You found it in the Dungeon)

   [amulet of magic regeneration]

   It increases your magic regeneration.
   It affects your resistance to hostile enchantments.
Wands
 J - a wand of paralysis (10)
Scrolls
 j - 5 scrolls of blinking
 l - 9 scrolls of remove curse
 m - 2 scrolls of amnesia
 q - 2 scrolls of enchant armour
 t - 7 scrolls of identify
 u - 3 scrolls of fear
 A - 6 scrolls of enchant weapon
 E - 2 scrolls of fog
Potions
 e - 16 potions of curing
 f - 6 potions of heal wounds
 g - 7 potions of haste
 h - 9 potions of magic
 k - a potion of invisibility
 r - 2 potions of berserk rage
 s - 5 potions of brilliance
 C - a potion of ambrosia
 H - 3 potions of mutation
 Q - 2 potions of stabbing
 R - a potion of resistance
Miscellaneous
 d - a condenser vane (2/2)
 n - a tin of tremorstones (3/3)


   Skills:
 O Level 27 Fighting
 * Level 9.6 Long Blades
 O Level 27 Maces & Flails
 O Level 27 Throwing
 O Level 27 Armour
 * Level 14.1 Dodging
 + Level 16.7 Stealth
 O Level 27 Shields
 + Level 1.8 Invocations
 * Level 18.0 Evocations


You had 19 spell levels left.
You didn't know any spells.
Your spell library contained the following spells:

 Spells                   Type           Power        Failure   Level
 Poisonous Vapours        Pois/Air       #.....       73%         2
 Conjure Flame            Conj/Fire      #.......     91%         3
 Mephitic Cloud           Conj/Pois/Air  #.......     91%         3
 Ice Form                 Ice/Tmut       #.......     100%        4
 Metabolic Englaciation   Hex/Ice        #.........   100%        5
 Freezing Cloud           Conj/Ice/Air   #.........   100%        6
 Ozocubu's Refrigeration  Ice            #.........   100%        6
 Simulacrum               Ice/Necr       #.........   100%        6


Dungeon Overview and Level Annotations

Branches:
Dungeon (1/1)

Altars:
Cheibriados
Dithmenos
Elyvilon
Fedhas
Gozag
Hepliaklqana
Kikubaaqudgha
Makhleb
Nemelex Xobeh
Okawaru
Qazlal
Ru
Sif Muna
Trog
Uskayaw
Vehumet
Wu Jian
Xom
Yredelemnul
Zin
The Shining One
Beogh
Jiyva
Lugonu

Shops:
D ((}:


Innate Abilities, Weirdness & Mutations

You are resistant to torment.
Your stone body is resilient. (AC +15)
You are immune to poison.
Your large and strong wings let you fly indefinitely.
You resist negative energy. (rN+)
You are resistant to electric shocks. (rElec)
You can survive without breathing.
You are immune to petrification.
You are immune to rotting.
You have sharp toenails.
You are partially covered in molten scales. (AC +2)
You often lose your temper in combat.
Armour fits poorly on your strangely shaped body.
You are weak. (Str -2)
You expend magic power (3 MP) to strengthen your wands.


Message History

You devastate the orb of fire!!!
The orb of fire is almost destroyed.
The orb of fire glows deep purple.
The fireball explodes!
The fireball engulfs you!!! You resist.
* * * LOW HITPOINT WARNING * * *
The fireball engulfs the orb of fire.
The orb of fire completely resists.
You whack the orb of fire!
You destroy the orb of fire!
Okawaru accepts your kill.
Your Long Blades skill increases to level 9!
Your Dodging skill increases to level 14!
Your Evocations skill increases to level 18!
The ancient lich points at you and mumbles some strange words.
The bolt of acid is repelled.
An Orb Guardian comes into view.
The ancient lich casts a spell at you. The bolt of acid hits you!!!
* * * LOW HITPOINT WARNING * * *
You are splashed with acid!
You die...

...............[[[[[[[...))))).).
▓▓▓▓▓▓▓▓▓▓▓▓▓▓▓▓▓▓▓▓▓▓▓▓▓▓▓▓▓▓▓▓▓
.................................
▓▓▓▓▓▓▓▓▓▓▓▓▓▓▓▓▓▓▓▓▓▓▓▓▓▓▓▓▓▓▓▓▓
..))..).[..)...[)'...)...)[...)[)
▓▓▓▓▓▓▓▓▓▓▓▓▓▓▓▓▓▓▓▓▓▓▓▓▓▓▓▓▓▓▓▓▓
.................................
▓▓▓▓▓▓▓▓▓▓▓▓▓▓▓▓▓▓▓▓▓▓▓▓▓▓▓▓▓▓▓▓▓
.XqpL†§@)'.'.'.......[).
▓▓▓▓▓▓▓▓▓▓▓▓▓▓▓▓▓▓▓▓▓▓▓▓


You could see a Killer Klown, an ancient lich (fast), an Orb Guardian and a red
draconian scorcher.

Vanquished Creatures
  5 orbs of fire (D)
  An ancient lich (D)
  Boris (D)
  Frederick (D)
  Xtahua (D)
  Saint Roka (D)
  4 golden dragons (D)
  A bone dragon (D)
  Jory (D)
  2 electric golems (D)
  4 tentacled monstrosities (D)
  Rupert (D)
  15 Orb Guardians (D)
  5 quicksilver dragons (D)
  2 death cobs (D)
  Ilsuiw (D)
  Frances (D)
  3 storm dragons (D)
  5 shadow dragons (D)
  5 nagarajas (D)
  2 draconian monks (D)
  3 frost giants (D)
  A draconian scorcher (D)
  2 vault wardens (D)
  Louise (D)
  2 fire giants (D)
  4 draconian knights (D)
  A ghost moth (D)
  2 draconian shifters (D)
  5 emperor scorpions (D)
  2 draconian stormcallers (D)
  A draconian annihilator (D)
  3 ironheart preservers (D)
  4 very ugly things (D)
  A green draconian (D)
  7 stone giants (D)
  An entropy weaver (D)
  2 vampire knights (D)
  A yellow draconian (D)
  2 black draconians (D)
  A red draconian (D)
  4 purple draconians (D)
  2 white draconians (D)
  A spark wasp (D)
  2 ettins (D)
  4 merfolk javelineers (D)
  4 fire dragons (D)
  6 merfolk impalers (D)
  5 yaktaur captains (D)
  2 rakshasas (D)
  Harold (D)
  25 vault guards (D)
  2 great orbs of eyes (D)
  4 naga warriors (D)
  2 ice dragons (D)
  9 hydras (D)
  2 boulder beetles (D)
  2 anacondas (D)
  Erica (D)
  A centaur warrior (D)
  A spriggan air mage (D)
  3 merfolk aquamancers (D)
  A two-headed ogre (D)
  2 tengu warriors (D)
  6 ogre magi (D)
  A deep troll earth mage (D)
  Urug (D)
  2 deep troll shamans (D)
  A shock serpent (D)
  A vampire mage (D)
  2 deep elf knights (D)
  Nergalle (D)
  A salamander mystic (D)
  A sea snake (D)
  6 deep trolls (D)
  A flayed ghost (D)
  5 swamp dragons (D)
  2 wizards (D)
  3 ironbrand convokers (D)
  3 orc knights (D)
  A mana viper (D)
  2 deep elf magi (D)
  A manticore (D)
  4 ugly things (D)
  10 moths of wrath (D)
  4 wolf spiders (D)
  5 vault sentinels (D)
  2 black mambas (D)
  2 guardian serpents (D)
  3 naga magi (D)
  3 cane toads (D)
  A yaktaur (D)
  A kobold demonologist (D)
  2 demonic crawlers (D)
  A komodo dragon (D)
  A wind drake (D)
  3 freezing wraiths (D)
  3 trolls (D)
  2 merfolk (D)
  5 jumping spiders (D)
  2 hornets (D)
  5 polar bears (D)
  2 snapping turtles (D)
  A bog body (D)
  5 redbacks (D)
  2 spriggans (D)
  A water elemental (D)
  A tarantella (D)
  3 basilisks (D)
  3 hogs (D)
  A wraith (D)
  2 vampire mosquitoes (D)
  2 acid dragons (D)
  3 water moccasins (D)
  A naga (D)
  3 swamp drakes (D)
  11 orc warriors (D)
  An ice beast (D)
  3 black bears (D)
  5 wolves (D)
  An eye of draining (D)
  An ogre (D)
  A centaur (D)
  4 bullfrogs (D)
  4 orc priests (D)
  An iguana (D)
  5 orc wizards (D)
  A worker ant (D)
  An adder (D)
  2 ufetubi (D)
  10 orcs (D)
  A ball python (D)
  A bat (D)
  A goblin (D)
  A hobgoblin (D)
  A quokka (D)
  A frilled lizard (D)
  A giant cockroach zombie (D)
  A leopard gecko skeleton (D)
  A quokka skeleton (D)
  A rat (D)
385 creatures vanquished.

Vanquished Creatures (others)
  Kirke (D)
1 creature vanquished.

Grand Total: 386 creatures vanquished

Notes
Turn   | Place    | Note
-------+----------+-------------------------------------------
     0 | D        | mhtbhm the Gargoyle Fighter began the quest for the Orb.
     0 | D        | Reached XP level 1. HP: 14/14 MP: 1/1
    45 | D        | Noticed an iguana
    52 | D        | Reached XP level 2. HP: 20/20 MP: 2/2
    73 | D        | Reached skill level 5 in Armour
    73 | D        | Reached skill level 5 in Shields
    73 | D        | Reached XP level 3. HP: 14/24 MP: 3/3
    80 | D        | Found a roughly hewn altar of Beogh.
    80 | D        | Found a snail-covered altar of Cheibriados.
    80 | D        | Found a shadowy altar of Dithmenos.
    80 | D        | Found a white marble altar of Elyvilon.
    80 | D        | Found a blossoming altar of Fedhas.
    80 | D        | Found an opulent altar of Gozag.
    81 | D        | Found a hazy altar of Hepliaklqana.
    82 | D        | Found a viscous altar of Jiyva.
    83 | D        | Found an ancient bone altar of Kikubaaqudgha.
    84 | D        | Found a corrupted altar of Lugonu.
    85 | D        | Found a burning altar of Makhleb.
    86 | D        | Found a sparkling altar of Nemelex Xobeh.
    87 | D        | Found an iron altar of Okawaru.
    88 | D        | Found a stormy altar of Qazlal.
    89 | D        | Found a sacrificial altar of Ru.
    90 | D        | Found a shimmering blue altar of Sif Muna.
    91 | D        | Found a bloodstained altar of Trog.
    92 | D        | Found a hide-covered altar of Uskayaw.
    93 | D        | Found a radiant altar of Vehumet.
    94 | D        | Found an ornate altar of the Wu Jian Council.
    95 | D        | Became a worshipper of Warmaster Okawaru
    96 | D        | Found a shimmering altar of Xom.
    97 | D        | Found a basalt altar of Yredelemnul.
    98 | D        | Found a glowing silver altar of Zin.
    99 | D        | Found a glowing golden altar of the Shining One.
   199 | D        | Noticed an ogre
   199 | D        | Noticed a bullfrog
   199 | D        | Noticed a bullfrog
   199 | D        | Noticed an ice beast
   210 | D        | Killed an ice beast
   210 | D        | Reached * piety under Okawaru
   210 | D        | Reached skill level 5 in Fighting
   210 | D        | Reached skill level 1 in Dodging
   210 | D        | Reached XP level 4. HP: 18/31 MP: 4/4
   210 | D        | Reached XP level 5. HP: 20/35 MP: 5/5
   214 | D        | Reached skill level 5 in Maces & Flails
   221 | D        | Reached XP level 6. HP: 35/41 MP: 6/6
   535 | D        | Noticed a purple ugly thing
   535 | D        | Noticed a deep elf mage
   535 | D        | Noticed an eye of draining
   540 | D        | Killed an eye of draining
   540 | D        | Reached ** piety under Okawaru
   540 | D        | Reached XP level 7. HP: 47/47 MP: 0/7
   549 | D        | Killed a deep elf mage
   549 | D        | Reached *** piety under Okawaru
   549 | D        | Reached skill level 10 in Shields
   549 | D        | Reached skill level 1 in Evocations
   549 | D        | Reached XP level 8. HP: 53/53 MP: 1/8
   555 | D        | Killed a purple ugly thing
   555 | D        | Reached skill level 10 in Maces & Flails
   727 | D        | Noticed Harold
   759 | D        | Killed Harold
   759 | D        | Reached **** piety under Okawaru
   759 | D        | Reached ***** piety under Okawaru
   759 | D        | Reached skill level 10 in Armour
   759 | D        | Reached XP level 9. HP: 34/60 MP: 9/9
   919 | D        | Noticed a cane toad
   919 | D        | Noticed a cane toad
   920 | D        | Noticed a five-headed hydra
   939 | D        | Killed a five-headed hydra
   947 | D        | Received a gift from Okawaru
   980 | D        | Killed a cane toad
   980 | D        | Reached XP level 10. HP: 40/68 MP: 10/10
   990 | D        | Killed a cane toad
   990 | D        | Reached skill level 10 in Fighting
  1179 | D        | Noticed a boulder beetle
  1271 | D        | Killed a boulder beetle
  1513 | D        | HP: 3/70 [polar bear (12)]
  1527 | D        | Received a gift from Okawaru
  1531 | D        | Reached XP level 11. HP: 21/76 MP: 11/11
  1878 | D        | Reached skill level 15 in Maces & Flails
  2040 | D        | Noticed an orc knight
  2059 | D        | Received a gift from Okawaru
  2064 | D        | Killed an orc knight
  2101 | D        | Got a pair of heavily runed gloves {god gift}
  2112 | D        | Identified the +2 pair of gloves of the Guardian {-Cast
                  | Str+8 Int+5 Stlth+} (Okawaru gifted it to you in the
                  | Dungeon)
  2168 | D        | Found Naapletzo's Book Boutique.
  2168 | D        | Noticed an ogre mage
  2168 | D        | Noticed a deep troll
  2168 | D        | Noticed an ogre mage
  2168 | D        | Noticed a deep troll
  2171 | D        | Killed an ogre mage
  2171 | D        | Reached ****** piety under Okawaru
  2175 | D        | Reached skill level 15 in Shields
  2181 | D        | Noticed a deep troll
  2182 | D        | Noticed a stone giant
  2187 | D        | Killed a deep troll
  2189 | D        | Killed an ogre mage
  2190 | D        | Found Erphin's Gadget Shop.
  2190 | D        | Noticed a deep troll
  2201 | D        | Killed a deep troll
  2214 | D        | Killed a stone giant
  2214 | D        | Reached skill level 1 in Invocations
  2224 | D        | Killed a deep troll
  2235 | D        | Killed a deep troll
  2235 | D        | Reached skill level 5 in Dodging
  2235 | D        | Reached XP level 12. HP: 31/84 MP: 12/12
  2461 | D        | Found Posoetuv's Antique Weapon Boutique.
  2465 | D        | Found Zabyl's Weapon Shop.
  2468 | D        | Noticed a stone giant
  2491 | D        | Killed a stone giant
  2502 | D        | Received a gift from Okawaru
  2516 | D        | Received a gift from Okawaru
  2520 | D        | Got a spiked hat {god gift}
  2540 | D        | Identified the +2 hat of Hyqeus {-Tele Int+4} (Okawaru
                  | gifted it to you in the Dungeon)
  2640 | D        | Bought a condenser vane (2/2) for 220 gold pieces
  2648 | D        | Bought a tin of tremorstones (3/3) for 440 gold pieces
  2721 | D        | Noticed Erica
  2751 | D        | Killed Erica
  2876 | D        | Noticed a centaur warrior
  2876 | D        | Noticed a two-headed ogre
  2876 | D        | Noticed a boulder beetle
  2881 | D        | Killed a boulder beetle
  2882 | D        | Killed a two-headed ogre
  2883 | D        | Killed a centaur warrior
  2883 | D        | Reached skill level 15 in Fighting
  2883 | D        | Reached skill level 1 in Stealth
  2905 | D        | Noticed a deep troll earth mage
  2909 | D        | Noticed a deep troll shaman
  2910 | D        | Noticed an ettin
  2911 | D        | Killed a deep troll shaman
  2914 | D        | Killed a deep troll earth mage
  2915 | D        | Noticed a rakshasa
  2916 | D        | Noticed a tengu warrior
  2918 | D        | Noticed a great orb of eyes
  2922 | D        | Killed an ettin
  2926 | D        | Killed a rakshasa
  2929 | D        | Killed a tengu warrior
  2940 | D        | Killed a great orb of eyes
  2940 | D        | Reached skill level 15 in Armour
  2940 | D        | Reached XP level 13. HP: 53/93 MP: 14/14
  3115 | D        | Noticed Frances
  3119 | D        | Noticed Rupert
  3133 | D        | Killed Frances
  3140 | D        | Killed Rupert
  3140 | D        | Received a gift from Okawaru
  3140 | D        | Reached skill level 5 in Stealth
  3180 | D        | Noticed Urug
  3196 | D        | Killed Urug
  3236 | D        | Noticed Nergalle
  3247 | D        | Killed Nergalle
  3391 | D        | Received a gift from Okawaru
  3444 | D        | Reached skill level 1 in Throwing
  3564 | D        | Noticed a merfolk impaler
  3564 | D        | Noticed a merfolk impaler
  3569 | D        | Killed a merfolk impaler
  3569 | D        | Gained mutation: Your large and strong wings let you fly
                  | indefinitely. [Gargoyle growth]
  3569 | D        | Reached XP level 14. HP: 101/102 MP: 15/15
  3572 | D        | Reached skill level 5 in Evocations
  3574 | D        | Reached skill level 10 in Stealth
  3748 | D        | Noticed a vampire knight
  3748 | D        | Noticed a stone giant
  3756 | D        | Killed a stone giant
  3760 | D        | Killed a vampire knight
  3763 | D        | Received a gift from Okawaru
  3783 | D        | Reached skill level 5 in Throwing
  3795 | D        | Noticed a stone giant
  3801 | D        | Noticed a stone giant
  3804 | D        | Killed a stone giant
  3805 | D        | Noticed a white very ugly thing
  3809 | D        | Noticed a cyan very ugly thing
  3815 | D        | Killed a stone giant
  3819 | D        | Killed a white very ugly thing
  3822 | D        | Killed a cyan very ugly thing
  3872 | D        | Noticed a frost giant
  3882 | D        | Killed a frost giant
  4086 | D        | Noticed an ironheart preserver
  4086 | D        | Noticed an ironheart preserver
  4090 | D        | Killed an ironheart preserver
  4090 | D        | Received a gift from Okawaru
  4094 | D        | Killed an ironheart preserver
  4102 | D        | Reached XP level 15. HP: 111/111 MP: 16/16
  4142 | D        | Reached skill level 10 in Throwing
  4165 | D        | Noticed a fire giant
  4170 | D        | Noticed a vault warden
  4173 | D        | Killed a fire giant
  4201 | D        | Killed a vault warden
  4201 | D        | Received a gift from Okawaru
  4364 | D        | Noticed Saint Roka
  4386 | D        | Killed Saint Roka
  4476 | D        | Noticed Jory
  4496 | D        | Killed Jory
  4824 | D        | Gained mutation: You are partially covered in molten
                  | scales. (AC +2) [potion of mutation]
  4824 | D        | Gained mutation: You tend to lose your temper in combat.
                  | [potion of mutation]
  4824 | D        | Gained mutation: You have sharp toenails. [potion of
                  | mutation]
  4824 | D        | Gained mutation: You expend magic power (3 MP) to
                  | strengthen your wands. [potion of mutation]
  5022 | D        | Noticed a nagaraja
  5022 | D        | Noticed a nagaraja
  5022 | D        | Noticed a nagaraja
  5026 | D        | Noticed a nagaraja
  5027 | D        | Received a gift from Okawaru
  5030 | D        | Killed a nagaraja
  5030 | D        | Killed a nagaraja
  5032 | D        | Killed a nagaraja
  5033 | D        | Killed a nagaraja
  5036 | D        | Noticed a nagaraja
  5053 | D        | Killed a nagaraja
  5090 | D        | Got a serpentine rune of Zot
  5130 | D        | Noticed Ilsuiw
  5134 | D        | Received a gift from Okawaru
  5135 | D        | Received a gift from Okawaru
  5140 | D        | Killed Ilsuiw
  5145 | D        | Reached XP level 16. HP: 108/121 MP: 17/17
  5145 | D        | Received a gift from Okawaru
  5177 | D        | Got a barnacled rune of Zot
  5216 | D        | Received a gift from Okawaru
  5291 | D        | Got a gossamer rune of Zot
  5412 | D        | Received a gift from Okawaru
  5455 | D        | Got a decaying rune of Zot
  5494 | D        | Noticed Louise
  5508 | D        | Noticed Boris
  5523 | D        | Killed Boris
  5541 | D        | Killed Louise
  5541 | D        | Reached skill level 15 in Throwing
  5652 | D        | Received a gift from Okawaru
  5655 | D        | Reached skill level 27 in Shields
  5757 | D        | Reached XP level 17. HP: 121/131 MP: 18/18
  5819 | D        | Got a faintly humming plate armour {god gift}
  5825 | D        | Identified the +0 plate armour "Qeuryrol" {Dex+5 SInv}
                  | (Okawaru gifted it to you in the Dungeon)
  5872 | D        | Received a gift from Okawaru
  5990 | D        | Noticed a quicksilver dragon
  5998 | D        | Killed a quicksilver dragon
  6005 | D        | Noticed a quicksilver dragon
  6007 | D        | Killed a quicksilver dragon
  6079 | D        | Got a silver rune of Zot
  6134 | D        | Noticed Kirke
  6148 | D        | Killed Kirke
  6154 | D        | Noticed Frederick
  6155 | D        | Noticed Xtahua
  6169 | D        | Killed Frederick
  6169 | D        | Received a gift from Okawaru
  6169 | D        | Reached skill level 15 in Stealth
  6177 | D        | Killed Xtahua
  6221 | D        | Got a warped tower shield {god gift}
  6227 | D        | Identified the +1 tower shield of Courage {rF+ rC+ MR+}
                  | (Okawaru gifted it to you in the Dungeon)
  6311 | D        | Got the ring "Ygium" {+Fly rElec rN+ Int+3}
  6313 | D        | Got the ring of Fiusch {Ice Str+3 Int+4 Stlth+}
  6315 | D        | Got the ring of Soiwn {rF+ Int+3 Dex+2}
  6317 | D        | Got the ring "Qaddoc" {rC+ AC+3 Dex-5 Stlth+}
  6319 | D        | Got the amulet "Zyxaawus" {RegenMP MR+}
  6322 | D        | Found the +0 sword of Power
  6324 | D        | Found the +8 demon blade "Leech" {vamp, *Rage +Rage rN+}
  6339 | D        | Got the +5 double sword "Nutauss" {holy, +Rage rPois Dex+8
                  | Stlth-}
  6515 | D        | Noticed a golden dragon
  6524 | D        | Killed a golden dragon
  6538 | D        | Reached XP level 18. HP: 130/144 MP: 19/19
  6672 | D        | Noticed a bone dragon
  6676 | D        | Reached skill level 10 in Evocations
  6681 | D        | Killed a bone dragon
  6681 | D        | Reached skill level 27 in Fighting
  6704 | D        | Received a gift from Okawaru
  6826 | D        | Noticed a tentacled monstrosity
  6827 | D        | Noticed an orb of fire
  6840 | D        | Killed a tentacled monstrosity
  6841 | D        | Gained mutation: You often lose your temper in combat. [an
                  | orb of fire]
  6843 | D        | Killed an orb of fire
  6843 | D        | Received a gift from Okawaru
  6959 | D        | Got an ancient kite shield {god gift}
  6965 | D        | Identified the +0 kite shield of Conscience {rF+++ MR+
                  | Str-4 Int+4} (Okawaru gifted it to you in the Dungeon)
  7069 | D        | Noticed a golden dragon
  7082 | D        | Killed a golden dragon
  7135 | D        | Noticed a quicksilver dragon
  7136 | D        | Killed a quicksilver dragon
  7139 | D        | Reached skill level 10 in Dodging
  7159 | D        | Noticed a quicksilver dragon
  7162 | D        | Killed a quicksilver dragon
  7249 | D        | Noticed a quicksilver dragon
  7249 | D        | Noticed a tentacled monstrosity
  7249 | D        | Noticed an orb of fire
  7249 | D        | Noticed a tentacled monstrosity
  7251 | D        | Noticed a tentacled monstrosity
  7253 | D        | Killed an orb of fire
  7253 | D        | Reached XP level 19. HP: 151/151 MP: 20/20
  7256 | D        | Killed a tentacled monstrosity
  7256 | D        | Received a gift from Okawaru
  7258 | D        | Killed a tentacled monstrosity
  7259 | D        | Killed a tentacled monstrosity
  7737 | D        | Received a gift from Okawaru
  7744 | D        | Reached skill level 27 in Throwing
  7766 | D        | Reached skill level 27 in Maces & Flails
  7791 | D        | Noticed a golden dragon
  7812 | D        | Killed a golden dragon
  7812 | D        | Received a gift from Okawaru
  7817 | D        | Received a gift from Okawaru
  7913 | D        | Noticed an ancient lich
  7925 | D        | Killed an ancient lich
  7925 | D        | Reached skill level 15 in Evocations
  7930 | D        | Noticed an orb of fire
  7934 | D        | Killed an orb of fire
  7952 | D        | Noticed an electric golem
  7961 | D        | Killed an electric golem
  7961 | D        | Reached skill level 27 in Armour
  7961 | D        | Reached XP level 20. HP: 139/157 MP: 21/21
  7985 | D        | Noticed an electric golem
  7985 | D        | Noticed a golden dragon
  7985 | D        | Noticed an orb of fire
  7986 | D        | Reached skill level 1 in Long Blades
  7987 | D        | Killed a golden dragon
  7987 | D        | Gained mutation: You are weak. (Str -2) [an orb of fire]
  7988 | D        | Reached skill level 5 in Long Blades
  7988 | D        | Noticed an orb of fire
  7989 | D        | Noticed a Killer Klown
  7990 | D        | Killed an electric golem
  7990 | D        | Received a gift from Okawaru
  7990 | D        | Gained mutation: Armour fits poorly on your strangely
                  | shaped body. [an orb of fire]
  7992 | D        | Killed an orb of fire
  7996 | D        | Noticed an ancient lich
  8003 | D        | Killed an orb of fire
  8004 | D        | HP: 5/157 [ancient lich/bolt of acid (38)]
  8004 | D        | Splashed by an ancient lich's acid

Illustrated notes

Levels and vault maps discovered:
D:        linesprint [early_d, line_temple, items_1, d_10, items_2, lair_1,
          lair_end, items_3, orc_1, orc_end, items_4, d_15, swamp_1, shoals_1,
          snake_1, spider_1, d_20, vaults_1, items_5, swamp_end, shoals_end,
          snake_end, spider_end, vaults_end, d_27, items_6, zot_1, zot_end,
          crypt_end, forest_end, elf_end, slime_end, tomb_end, abyss_end,
          pan_hell_end]

Skill      XL: |  1  2  3  4  5  6  7  8  9 10 11 12 13 14 15 16 17 18 19 20 |
---------------+-------------------------------------------------------------+-----
Armour         | 4 5 6 7 8 9 10 11 12 14 15 16 17 19 21 27 | 27.0
Shields        | 5 7 8 9 10 11 12 13 16 18 20 22 24 27 | 27.0
Fighting       | 4 5 6 7 8 9 11 13 15 17 19 21 23 26 27 | 27.0
Maces & Flails | 3 4 6 7 9 11 13 14 16 17 18 19 20 22 24 26 27 | 27.0
Dodging        | 1 2 3 4 5 6 7 8 9 10 11 14 | 14.1
Evocations     | 1 2 3 4 6 7 8 9 11 16 18 | 18.0
Invocations    | 1 |  1.8
Stealth        | 3 9 11 12 15 16 | 16.7
Throwing       | 2 9 13 16 19 25 27 | 27.0
Long Blades    | 9 |  9.6

Action                   |  1- 3 |  4- 6 |  7- 9 | 10-12 | 13-15 | 16-18 | 19-21 || total
-------------------------+-------+-------+-------+-------+-------+-------+-------++-------
Melee: Flail             |    53 |    15 |    99 |   434 |    31 |       |       ||   632
       Eveningstar       |       |       |       |       |   215 |   230 |       ||   445
       Demon whip        |       |       |       |       |       |    34 |   115 ||   149
Throw: Javelin           |       |       |       |       |    70 |   103 |    23 ||   196
       Throwing net      |       |       |       |       |     2 |       |       ||     2
Invok: Heroism           |       |       |       |     2 |       |       |       ||     2
Evoke: Wand              |       |     3 |       |     7 |       |       |       ||    10
       Condenser vane    |       |       |       |     2 |    16 |    11 |     2 ||    31
       Tin of tremorston |       |       |       |       |     2 |       |       ||     2
  Use: Potion            |       |     1 |     2 |     4 |     1 |     1 |       ||     9
       Scroll            |       |       |       |       |     2 |       |       ||     2
 Stab: Confused          |       |       |       |     4 |     8 |     5 |       ||    17
       Sleeping          |       |       |       |       |       |       |     1 ||     1
Armor: Scale mail        |    23 |       |       |       |       |       |       ||    23
       Chain mail        |     7 |     6 |    32 |   120 |    42 |       |       ||   207
       Plate armour      |       |       |       |       |    20 |    64 |     7 ||    91
Dodge: Dodged            |    20 |     3 |    13 |    97 |    49 |    39 |    16 ||   237
       Repelled          |       |       |       |       |     4 |     3 |     1 ||     8
Block: Kite shield       |    35 |     9 |    42 |   207 |       |       |       ||   293
       Tower shield      |       |       |       |    17 |   229 |   208 |    56 ||   510

Table legend: (Time is in decaauts)
 A = Elapsed time spent in this place.
 B = Non-inter-level travel time spent in this place.
 C = Inter-level travel time spent in this place.
 D = Time resting spent in this place.
 E = Time spent auto-exploring this place.
 F = Levels seen in this place.
 G = Mean time per level.
                   A        B        C        D        E       F      G
               +--------+--------+--------+--------+--------+-----+--------+
         Total |   7710 |   7503 |    207 |   2971 |    927 |   1 | 7710.0 |
       Dungeon |   7710 |   7503 |    207 |   2971 |    927 |   1 | 7710.0 |
               +--------+--------+--------+--------+--------+-----+--------+

Top non-repeatable levels by time:
       D: 7710 daAuts
